 Dungeon Crawl Stone Soup version 0.28.0 (webtiles) character file.

Game seed: 15097010103755929042

88 Ayyar the Insei (level 4, -4/29 HPs)
             Began as an Octopode Transmuter on Apr 14, 2022.
             Killed from afar by Natasha (6 damage)
             ... with a puff of flame
             ... on level 2 of the Dungeon.
             The game lasted 00:04:24 (2128 turns).

Ayyar the Insei (Octopode Transmuter)               Turns: 2128, Time: 00:04:25

Health: -4/29      AC:  1    Str:  9    XL:     4   Next: 53%
Magic:  7/7        EV: 13    Int: 15    God:
Gold:   144        SH:  0    Dex: 14    Spells: 3/7 levels left

rFire   . . .      SeeInvis .     - Unarmed
rCold   . . .      Faith    .   (no shield)
rNeg    . . .      Spirit   .   (helmet restricted)
rPois   .          Reflect  .   (no amulet)
rElec   .          Harm     .   (no ring)
rCorr   .          Rampage  .   (no ring)
Will    .....                   (no ring)
Stlth   +++.......              (no ring)
HPRegen 0.09/turn               (no ring)
MPRegen 0.10/turn               (no ring)
                                (no ring)
                                (no ring)

@: no status effects
A: almost no armour, amphibious, 8 rings, camouflage 1, gelatinous body 1,
(nimble swimmer 1), tentacles
a: no special abilities


You were on level 2 of the Dungeon.
You visited 1 branch of the dungeon, and saw 2 of its levels.

You collected 144 gold pieces.

Inventory:

Missiles
 f - 6 poisoned darts
Wands
 h - a wand of flame (25)
Scrolls
 a - 4 scrolls of identify {unknown}
 b - a scroll of summoning {unknown}
 c - a scroll of fog {unknown}
 e - a scroll of enchant armour {unknown}
 g - a scroll of vulnerability {unknown}
 i - a scroll of torment {unknown}
Potions
 d - a potion of haste {unknown}


   Skills:
 + Level 1.6 Fighting
 + Level 2.6 Dodging
 + Level 2.1 Stealth
 + Level 3.3 Unarmed Combat
 + Level 2.4 Spellcasting
 + Level 2.5 Transmutations
 + Level 0.9 Poison Magic


You had 3 spell levels left.
You knew the following spells:

 Your Spells              Type           Power      Damage    Failure   Level
a - Beastly Appendage     Tmut           18%        N/A       8%          1
b - Spider Form           Tmut/Pois      7%         N/A       30%         3

Your spell library contained the following spells:

 Spells                   Type           Power      Damage    Failure   Level
 Wereblood                Tmut           9%         N/A       12%         2
 Ice Form                 Ice/Tmut       5%         N/A       77%         4


Dungeon Overview and Level Annotations

Branches:
Dungeon (2/15)

Altars:

Annotations:
D:2 Natasha


Innate Abilities, Weirdness & Mutations

You cannot wear most types of armour.
You are amphibious.
You can wear up to eight rings at the same time.
Your skin changes colour to match your surroundings (Stealth+).
Your rubbery body absorbs attacks. (AC +1, EV +1)
((You are camouflaged when in or above water. (Stealth+)))
You have tentacles for arms and can constrict up to eight enemies at once.


Message History

Your tentacle spike disappears.
Natasha, Servant of Life and Death comes into view.
She is carrying a wand of flame (22).
You miscast Beastly Appendage.
You are very lightly contaminated with residual magic.
Nothing appears to happen.
One of your tentacles grows a vicious spike.
An endoplasm and a ball python come into view.
The ball python hisses angrily.
Natasha hisses angrily.
Natasha zaps a wand.
The puff of flame hits you!
You tentacle-slap the ball python.
You kill the ball python!
Natasha casts a spell at you. The magic dart hits you!
Your magical contamination has completely faded away.
Your transformation is almost over.
Natasha casts a spell at you. You resist with some effort.
Natasha casts a spell.
Your tentacle spike disappears.
Natasha mumbles some strange words.
Natasha casts a spell.
The crimson imp blinks!
The crimson imp laughs crazily.
The crimson imp disappears in a puff of smoke!
Natasha stares at you and mumbles some strange words.
You resist with some effort.
You see here a +0 scale mail.
Natasha casts a spell at you. You resist with some effort.
Natasha zaps a wand.
The puff of flame misses you.
The crimson imp disappears in a puff of smoke!
Natasha casts a spell at you. The magic dart hits you.
Natasha wildly gestures.
Natasha shimmers violently.
Natasha zaps a wand.
The puff of flame hits you!
* * * LOW HITPOINT WARNING * * *
Natasha zaps a wand.
The puff of flame hits you.
You die...

## #.......... #.##
###########.......... #..#
#.................... #..#
##########...........
#..## ##### ##.....).†..
#.÷.# #...# #..........
#.#.###...# ####.###...
#.#.<##.).#########..##...
#.##.....@.....h..##..#...
#. ####....######...#.#...
#. #....# ###.[..... #.
#....# ######5. #. ####.#
#... #.# #..# #... #..
###..# #... #.####....#
#...
#.......†#############...


You could see Natasha.

Vanquished Creatures
  Jessica (D:2)
  2 adders (D:2)
  A worm (D:2)
  A dart slug (D:2)
  3 ball pythons
  4 endoplasms
  2 giant cockroaches
  2 goblins (D:2)
  3 hobgoblins
  3 quokkas
  5 bats
  2 frilled lizards
  3 kobolds
  8 rats (D:1)
40 creatures vanquished.

Notes
Turn   | Place    | Note
-------+----------+-------------------------------------------
     0 | D:1      | Ayyar the Octopode Transmuter began the quest for the Orb.
     0 | D:1      | Reached XP level 1. HP: 13/13 MP: 3/3
   394 | D:1      | Reached skill level 1 in Stealth
   394 | D:1      | Reached XP level 2. HP: 17/18 MP: 3/5
  1099 | D:2      | Reached XP level 3. HP: 23/23 MP: 3/6
  1307 | D:2      | Learned a level 3 spell: Spider Form
  1526 | D:2      | Noticed Jessica
  1532 | D:2      | Killed Jessica
  1533 | D:2      | Reached XP level 4. HP: 13/28 MP: 5/7
  2067 | D:2      | Noticed Natasha
  2125 | D:2      | HP: 1/29 [Natasha/puff of flame (8)]
  2128 | D:2      | Killed from afar by Natasha

Illustrated notes

Levels and vault maps discovered:
D:1:      minmay_arrival_stair_chambers, layout_basic, minmay_misc_feat_chi,
          serial_bayou_pond_d, st_stairs_4, minmay_rat_gold_closets
D:2:      layout_rooms, uniq_jessica, uniq_terence, uniq_natasha

Skill      XL: |  1  2  3 |
---------------+----------+-----
Stealth        | 1 2 |  2.1
Fighting       | |  1.6
Dodging        | |  2.6
Unarmed Combat | |  3.3
Spellcasting   | |  2.4
Transmutations | |  2.5
Poison Magic   | |  0.9

Action                   |  1- 3 |  4- 6 || total
-------------------------+-------+-------++-------
Melee: Unarmed           |    68 |    20 ||    88
       Kick              |    20 |     5 ||    25
       Constrict         |    20 |     6 ||    26
       Tentacles         |    13 |     2 ||    15
       Punch             |     4 |     1 ||     5
 Cast: Beastly Appendage |    22 |     8 ||    30
 Stab: Sleeping          |     8 |       ||     8
Armor: Skin              |     5 |     1 ||     6
Dodge: Dodged            |    44 |    13 ||    57
